 Dungeon Crawl Stone Soup version 0.32-a0-607-g64ea0e4219 (webtiles) character file.

Game seed: 4091954377704987500

57 112233 the Conjurer (level 3, -2/16 HPs)
             Began as a Felid Conjurer on Oct 24, 2023.
             Slain by a kobold
             ... wielding a +0 short sword of electrocution
              (14 damage)
             ... on level 2 of the Dungeon on Mar 4, 2024.
             The game lasted 00:04:38 (1287 turns).

112233 the Conjurer (Felid Conjurer)                Turns: 1287, Time: 00:04:38

Health: -2/16      AC:  1    Str:  3    XL:     3   Next: 73%
Magic:  8/8        EV: 17    Int: 21    God:
Gold:   88         SH:  0    Dex: 14    Spells: 5/8 levels left
                                        Lives:  0   Deaths: 1

rFire   . . .        (weapon unavailable)
rCold   . . .        (shield unavailable)
rNeg    . . .        (body armour unavailable)
rPois   .            (helmet unavailable)
rElec   .            (cloak unavailable)
rCorr   .            (gloves unavailable)
SInv    +            (boots unavailable)
Will    .....        (no amulet)
Stlth   ++           (no ring)
HPRegen 0.22/turn    (no ring)
MPRegen 0.11/turn

%: no passive effects
@: no status effects
A: very small, claws 1, fangs 3, see invisible, shaggy fur 1, stealthy paws, no
weapons or thrown items, no armour, multi-lived
a: no special abilities


You were on level 2 of the Dungeon.
You visited 1 branch of the dungeon, and saw 2 of its levels.

You collected 88 gold pieces.

Inventory:

Scrolls
 b - a scroll of teleportation {unknown}
 c - a scroll of amnesia {unknown}
 d - 2 scrolls of silence {unknown}
 f - a scroll of noise {unknown}
Potions
 a - a potion of magic
 e - 2 potions of curing {unknown}


   Skills:
 - Level 2.6 Dodging
 - Level 2.6 Stealth
 + Level 3.0 Spellcasting
 + Level 4.3 Conjurations


You had 5 spell levels left.
You knew the following spells:

 Your Spells              Type           Power      Damage    Failure   Level
a - Magic Dart            Conj           84%        1d7       2%          1
b - Searing Ray           Conj           42%        2d6       3%          2

Your spell library contained the following spells:

 Spells                   Type           Power      Damage    Failure   Level
 Dazzling Flash           Conj/Hex       24%        N/A       16%         3
 Fulminant Prism          Conj/Alch      6%         3d7       47%         4
 Iskenderun's Mystic Bla  Conj/Tloc      12%        2d5       47%         4


Dungeon Overview and Level Annotations

Branches:
Dungeon (2/15)

Altars:


Innate Abilities, Weirdness & Mutations

You have sharp claws.
You have razor-sharp teeth.
You have supernaturally acute eyesight. (SInv)
You are covered in fur. (AC +1)
Your paws help you pounce on unaware monsters.
You are incapable of wielding weapons or throwing items.
You cannot wear armour.
You gain extra lives every three experience levels.


Message History

(Press . to maintain the ray.)
There are no items here.
There are no items here.
Unknown command.
The kobold throws a stone.
The stone completely misses you.
Found a whip.
The kobold throws a stone.
The stone closely misses you.
You see here a +0 dagger.
The kobold closely misses you. The kobold closely misses you.
Casting: Searing Ray (safe; 3% risk of failure)
Confirm with . or Enter, or press ? or * to list all spells.
Aiming: Searing Ray (safe; 3% risk of failure)
Press: ? - help, Shift-Dir - straight line, f - kobold
Aim: a kobold, wielding a +0 short sword of electrocution and quivering stones (72% to hit)
Okay, then.
There are no items here.
Unknown command.
There are no items here.
Unknown command.
Saving game... please wait.
Options error: Unknown ability 'drain life' (112233.rc:204) Welcome back, 112233 the Felid Conjurer.
Press ? for a list of commands and other information.
You barely miss the kobold.
The kobold hits you with a +0 short sword of electrocution.
You are electrocuted!
Ouch! That really hurt!
You die...
You rejoin the land of the living...
Found a scroll labelled POETOI ONOAT.
Found 3 stones.
Okay, then.
The kobold barely misses you.
There are no items here.
There are no items here.
Unknown command.
There are no items here.
There are no items here.
There are no items here.
There are no items here.
There are no items here.
Unknown command.
The kobold hits you with a +0 short sword of electrocution.
The kobold barely misses you.
Unknown command.
The kobold barely misses you.
The kobold hits you with a +0 short sword of electrocution.
You are electrocuted!
Ouch! That really hurt!
You die...

.# #.. #..#..##. ?#### ##.##
## ...#. #. ....# #...# P #..
. .. .##.# #...# ~♣## #. .# .#
....# #...# ♣~[.. . .. )#
.##.# #####...###~~# .# .
.##.####............###
.##...................# ..##
###.####.......K@.[.#.# .... #
#.# #####...####.#.##.. #.# .
..# #..÷# ..... ..( #####
#..(######.#.# #.#
##....).....#.#####.###
#.....##.......#.......
#.......<#.......##.##.
#........#..........##.
########.....#..#.##..#.##....


You could see a kobold.

Vanquished Creatures
  2 adders (D:2)
  2 dart slugs (D:1)
  3 ball pythons
  4 bats
  5 endoplasms
  2 giant cockroaches
  2 goblins (D:1)
  5 hobgoblins
  3 kobolds
  2 frilled lizards (D:1)
  A rat (D:1)
31 creatures vanquished.

Notes
Turn   | Place    | Note
-------+----------+-------------------------------------------
     0 | D:1      | 112233 the Felid Conjurer began the quest for the Orb.
     0 | D:1      | Reached XP level 1. HP: 7/7 MP: 4/4
   117 | D:1      | Found a faded altar of an unknown god.
   149 | D:1      | Reached XP level 2. HP: 11/11 MP: 0/6
   331 | D:1      | Reached skill level 4 in Conjurations
   790 | D:2      | Reached XP level 3. HP: 14/14 MP: 4/8
   790 | D:2      | Upgraded the game from 0.31-a0-963-ga325b2283a to
                  | 0.32-a0-441-gaf4921d101
  1177 | D:2      | Learned a level 2 spell: Searing Ray
  1209 | D:2      | Reached skill level 3 in Spellcasting
  1262 | D:2      | Upgraded the game from 0.32-a0-441-gaf4921d101 to
                  | 0.32-a0-607-g64ea0e4219
  1262 | D:2      | Slain by a kobold
  1262 | D:2      | Lost a life (0 lives remaining)
  1287 | D:2      | Slain by a kobold

Illustrated notes

Levels and vault maps discovered:
D:1:      grunt_arrival_crossed_arrows, layout_basic,
          chequers_ecumenical_altar_simple, serial_park_tiny_pond
D:2:      layout_loops_cross, hangedman_abyss_or_decor_lesser_grid,
          serial_bayou_pond_d

Skill      XL: |  1  2  3 |
---------------+----------+-----
Conjurations   | 4 |  4.3
Spellcasting   | 3 |  3.0
Dodging        | |  2.6
Stealth        | |  2.6

Action                     || total
---------------------------++-------
  Melee: Unarmed           ||    24
         Bite              ||     2
   Cast: Magic Dart        ||    66
         Searing Ray       ||     3
 Armour: Skin              ||    12
  Dodge: Dodged            ||    32

Table legend: (Time is in decaauts)
 A = Elapsed time spent in this place.
 B = Non-inter-level travel time spent in this place.
 C = Inter-level travel time spent in this place.
 D = Time resting spent in this place.
 E = Time spent auto-exploring this place.
 F = Levels seen in this place.
 G = Mean time per level.
                   A        B        C        D        E       F      G
               +--------+--------+--------+--------+--------+-----+--------+
         Total |   1216 |   1189 |     27 |      0 |   1014 |   2 |  608.0 |
       Dungeon |   1216 |   1189 |     27 |      0 |   1014 |   2 |  608.0 |
               +--------+--------+--------+--------+--------+-----+--------+

Top non-repeatable levels by time:
     D:1: 715 daAuts
     D:2: 500 daAuts
